 Dungeon Crawl Stone Soup version 0.27-a0-931-g5a74e75d8f (webtiles) character file.

Game seed: 5923363492379184736

20 Alarkh the Insei (level 2, 23/23 HPs)
             Began as a Demonspawn Gladiator on Apr 10, 2021.
             Got out of the dungeon alive.
             The game lasted 00:00:42 (950 turns).

Alarkh the Insei (Demonspawn Gladiator)              Turns: 950, Time: 00:00:42

Health: 23/23      AC:  4    Str: 14    XL:     2   Next: 58%
Magic:  2/2        EV:  9    Int:  9    God:
Gold:   26         SH:  9    Dex: 14    Spells: 1/1 levels left

rFire    . . .     SeeInvis .     - Unarmed
rCold    . . .     Faith    .   h - +2 kite shield
rNeg     . . .     Spirit   .   a - +0 leather armour
rPois    .         Reflect  .   b - +0 helmet
rElec    .         Harm     .   (no cloak)
rCorr    .         Rampage  .   (no gloves)
Will     .....                  (no boots)
Stlth    +.........             (no amulet)
HPRegen  0.07/turn              (no ring)
MPRegen  0.08/turn              (no ring)

@: no status effects
A: demonic guardian 1
a: no special abilities


You escaped.
You visited 1 branch of the dungeon, and saw 1 of its levels.

You collected 26 gold pieces.

Inventory:

Missiles
 c - 5 throwing nets (quivered)
Armour
 a - a +0 leather armour (worn)
 b - a +0 helmet (worn)
 h - a +2 kite shield (worn)
Magical Staves
 e - a staff of conjuration
Scrolls
 d - a scroll of identify {unknown}
 f - a scroll of summoning {unknown}
 j - a scroll of vulnerability {unknown}
Potions
 g - a potion of flight {unknown}
 i - 2 potions of might {unknown}


   Skills:
 + Level 2.4 Fighting
 - Level 1.7 Throwing
 - Level 2.6 Dodging
 + Level 0.2 Shields
 * Level 3.3 Unarmed Combat


You had one spell level left.
You didn't know any spells.
Your spell library contained the following spells:

 Spells                   Type           Power      Damage    Failure   Level
 Magic Dart               Conj           0%         1d3       98%         1
 Blink                    Tloc           N/A        N/A       99%         2
 Call Imp                 Summ           0%         N/A       99%         2
 Slow                     Hex            0%         N/A       99%         2
 Conjure Flame            Conj/Fire      0%         6-21      100%        3
 Mephitic Cloud           Conj/Pois/Air  0%         N/A       100%        3


Dungeon Overview and Level Annotations

Branches:
Dungeon (1/15)

Altars:


Innate Abilities, Weirdness & Mutations

A weak demonic guardian rushes to your aid.


Message History

The rat bites the plant.
Your white imp barely misses the goblin.
You closely miss the goblin.
The goblin is severely wounded.
A nearby plant withers and dies.
The goblin hits you but does no damage.
Your white imp barely misses the goblin.
The goblin splashes around in the water.
You hit the goblin.
You kill the goblin!
You hear a splash.
Your white imp gestures at the rat.
The puff of frost hits the rat!
The rat dies!
You see here a +0 club.
No target in view!
No target in view!
No target in view!
No target in view!
No target in view!
No target in view!
No target in view!
No target in view!
No target in view!
No target in view!
No target in view!
You swap places.
You pick up a book of Minor Magic and begin reading...
You add the spells Magic Dart, Blink, Call Imp, Slow, Conjure Flame and Mephitic Cloud to your library.
Your white imp disappears in a puff of smoke!
You enter the shallow water.
Moving in this stuff is going to be slow.
You enter the shallow water.
Moving in this stuff is going to be slow.
Done exploring.
No target in view!
You see here 11 stones.
There is an open door here.
There is a staircase leading out of the dungeon here.
Are you sure you want to leave the Dungeon?
This will make you lose the game!
You have escaped!

.# #..............>..........##
.## ##.########.#######.......#.
..#####..#######'###############.
#....†...##...........# ##.
###########...........# #.. #
#####...........# #.# #
##..##...........# #.#
######..###...........## ##..
.......###8.....@.....8# ##...
..>...## ##...........#######..##
.....## #...........##......###
.....# #...........#######.###
.....# #...........# #.... .....#
#...........# ##.... .....#
######'###### #..... ######
########.######## #..... #
#.#.............####.....


There were no monsters in sight!

Vanquished Creatures
  2 bats (D:1)
  6 endoplasms (D:1)
  A goblin (D:1)
  2 hobgoblins (D:1)
  A quokka (D:1)
  A frilled lizard (D:1)
  3 rats (D:1)
16 creatures vanquished.

Vanquished Creatures (collateral kills)
  A rat (D:1)
1 creature vanquished.

Vanquished Creatures (others)
  A plant (D:1)
1 creature vanquished.

Grand Total: 18 creatures vanquished

Notes
Turn   | Place    | Note
-------+----------+-------------------------------------------
     0 | D:1      | Alarkh the Demonspawn Gladiator began the quest for the
                  | Orb.
     0 | D:1      | Reached XP level 1. HP: 16/16 MP: 1/1
     5 | D:1      | Found a faded altar of an unknown god.
   270 | D:1      | Reached skill level 3 in Unarmed Combat
   341 | D:1      | Gained mutation: A weak demonic guardian rushes to your
                  | aid. [demonic ancestry]
   341 | D:1      | Reached XP level 2. HP: 17/22 MP: 2/2
   950 | D:$      | Got out of the dungeon alive.

Illustrated notes

Levels and vault maps discovered:
D:1:      psy_arrival_statuary, layout_rooms, ebering_ecumenical_altar_rust,
          serial_bayou_lake_a

Skill      XL: |  1 |
---------------+----+-----
Unarmed Combat | 3 |  3.3
Fighting       | |  2.4
Throwing       | |  1.7
Dodging        | |  2.6
Shields        | |  0.2

Action                   || total
-------------------------++-------
Melee: Unarmed           ||    49
Armor: Leather armour    ||    13
Dodge: Dodged            ||    23
Block: Kite shield       ||     8

Table legend: (Time is in decaauts)
 A = Elapsed time spent in this place.
 B = Non-inter-level travel time spent in this place.
 C = Inter-level travel time spent in this place.
 D = Time resting spent in this place.
 E = Time spent auto-exploring this place.
 F = Levels seen in this place.
 G = Mean time per level.
                   A        B        C        D        E       F      G
               +--------+--------+--------+--------+--------+-----+--------+
         Total |    991 |    916 |     75 |    174 |    628 |   1 |  991.0 |
       Dungeon |    991 |    916 |     75 |    174 |    628 |   1 |  991.0 |
               +--------+--------+--------+--------+--------+-----+--------+

Top non-repeatable levels by time:
     D:1: 991 daAuts
